 Dungeon Crawl Stone Soup version 0.29.1-1-gd02db69 (webtiles) character file.

Game seed: 8660964865142077273

1526 FingySniffer the Slasher (level 8, 0/67 HPs)
             Began as a Gnoll Cinder Acolyte on Sept 24, 2022.
             Was a High Priest of Ignis.
             Slain by a killer bee (1 damage)
             ... on level 7 of the Dungeon on Sept 26, 2022.
             The game lasted 00:28:20 (7530 turns).

FingySniffer the Slasher (Gnoll Cinder Acolyte)     Turns: 7530, Time: 00:28:20

Health: 0/67       AC: 10    Str: 24    XL:     8   Next: 85%
Magic:  0/15       EV:  9    Int: 14    God:    Ignis [*****.]
Gold:   254        SH:  0    Dex: 12    Spells: 16/16 levels left

rFire   + . .      SeeInvis +   u - +4 glaive
rCold   . . .      Faith    .   (shield currently unavailable)
rNeg    . . .      Spirit   +   l - +0 chain mail
rPois   .          Reflect  .   (no helmet)
rElec   .          Harm     .   (no cloak)
rCorr   +          Rampage  .   n - +0 pair of gloves
Will    .....                   (no boots)
Stlth   ..........              g - amulet of guardian spirit
HPRegen 0.21/turn               r - +6 ring of strength
MPRegen 0.14/turn               j - ring "Pewaehu" {Will- rCorr Str+3 Dex+4 SInv}

@: lethally poisoned (0 -> -24), about to teleport
A: fangs 1, strong nose, distributed training
a: Renounce Religion, Fiery Armour, Foxfire Swarm, Rising Flame


You were on level 7 of the Dungeon.
You worshipped Ignis.
Ignis was extremely pleased with you.
You visited 1 branch of the dungeon, and saw 7 of its levels.

You collected 254 gold pieces.

Inventory:

Hand Weapons
 a - a -1 falchion of flaming
 b - a +0 morningstar of flaming
 u - a +4 glaive (weapon)
Armour
 l - a +0 chain mail (worn)
 n - a +0 pair of gloves (worn)
Jewellery
 e - a ring of flight
 g - an amulet of guardian spirit (around neck)
 j - the ring "Pewaehu" (right hand) {Will- rCorr Str+3 Dex+4 SInv}
   (You acquired it on level 3 of the Dungeon)

   [ring of see invisible]

   Str:       It affects your strength (+3).
   Dex:       It affects your dexterity (+4).
   SInv:      It lets you see invisible.
   rCorr:     It protects you from acid and corrosion.
   Will:      It decreases your willpower.
 k - a ring of fire
 r - a +6 ring of strength (left hand)
 s - a ring of fire
 y - a ring of protection from cold
Scrolls
 f - 3 scrolls of teleportation
 m - 2 scrolls of blinking
 q - a scroll of magic mapping
 w - 2 scrolls of identify
 B - a scroll of amnesia {unknown}
 C - 3 scrolls of fear
Potions
 c - a potion of haste
 d - a potion of heal wounds
 h - 4 potions of curing
 i - 2 potions of brilliance
 o - a potion of mutation
 p - a potion of lignification
 t - a potion of attraction
 v - 2 potions of experience {unknown}
 x - a potion of berserk rage {unknown}
 z - a potion of degeneration {unknown}
 A - a potion of cancellation {unknown}


   Skills:
 + Level 7.6 Fighting
 + Level 3.7 Short Blades
 + Level 7.6 Long Blades
 + Level 3.7 Axes
 + Level 3.7 Maces & Flails
 + Level 3.7 Polearms
 + Level 3.7 Staves
 + Level 3.7 Ranged Weapons
 + Level 3.7 Throwing
 + Level 3.7 Armour
 + Level 3.7 Dodging
 + Level 3.7 Stealth
 + Level 3.7 Shields
 + Level 3.7 Unarmed Combat
 + Level 4.7 Spellcasting
 + Level 3.1 Conjurations
 + Level 3.1 Hexes
 + Level 3.1 Summonings
 + Level 3.1 Necromancy
 + Level 3.1 Translocations
 + Level 3.1 Transmutations
 + Level 6.3 Fire Magic
 + Level 3.1 Ice Magic
 + Level 3.1 Air Magic
 + Level 3.1 Earth Magic
 + Level 3.1 Poison Magic
 + Level 4.1 Invocations
 + Level 3.7 Evocations


You had 16 spell levels left.
You didn't know any spells.
Your spell library contained the following spells:

 Spells                   Type           Power      Damage    Failure   Level
 Scorch                   Fire           42%        2d7       14%         2
 Tukima's Dance           Hex            12%        N/A       71%         3
 Corpse Rot               Necr/Pois/Air  12%        N/A       98%         4
 Dispel Undead            Necr           12%        3d9       98%         4
 Passage of Golubria      Tloc           12%        N/A       98%         4
 Yara's Violent Unravell  Hex/Tmut       6%         3d5       100%        5
 Death Channel            Necr           6%         N/A       100%        6


Dungeon Overview and Level Annotations

Branches:
Dungeon (7/15)             Temple (0/1) D:7

Altars:
Cheibriados
Dithmenos
Kikubaaqudgha
Nemelex Xobeh
Ru
Sif Muna

Shops:
D:3 *


Innate Abilities, Weirdness & Mutations

You have very sharp teeth.
Your uncanny sense of smell can sniff out nearby items.
Your experience applies equally to all skills.


Message History

* * * LOW HITPOINT WARNING * * *
You feel very sick. The killer bee stings you.
* * * LOW HITPOINT WARNING * * *
You are more poisoned.
The killer bee poisons you! The killer bee barely misses you.
You feel much better.
* * * LOW HITPOINT WARNING * * *
You feel extremely sick. The killer bee closely misses you.
The killer bee stings you but does no damage.
The killer bee completely misses you.
The killer bee stings you but does no damage.
The killer bee closely misses you. The killer bee barely misses you. x2
The killer bee stings you.
* * * LOW HITPOINT WARNING * * *
You are more poisoned.
The killer bee poisons you!
As you read the scroll of teleportation, it crumbles to dust.
You feel strangely unstable.
* * * LOW HITPOINT WARNING * * *
You feel very sick.
The killer bee stings you but does no damage.
The killer bee barely misses you.
The killer bee stings you but does no damage. x2
The killer bee closely misses you.
The killer bee stings you but does no damage.
The killer bee barely misses you.
The killer bee stings you but does no damage.
The killer bee stings you!
* * * LOW HITPOINT WARNING * * *
The killer bee stings you.
* * * LOW HITPOINT WARNING * * *
The steam dragon bites you.
* * * LOW HITPOINT WARNING * * *
The steam dragon barely misses you.
Unknown command.
The killer bee attacks as you move away!
The killer bee stings you.
You die...

###### . #....# ..
#....# ... #####....#
....
#######........#.....
#.....#..Dyy......)!.
..........@y.........
#.....#...yy####.....
#...........# ##.
#...........#
#......##.#.####
...............#.# ..
######.###.......# #
.#.
#.###..####...........
#.#.................#.


You could see a steam dragon and 5 killer bees.

Vanquished Creatures
  Grinder (D:6)
  A black bear (D:6)
  2 ogres (D:6)
  A phantom (D:5)
  A bullfrog (D:7)
  A necrophage (D:6)
  4 scorpions (D:5)
  2 orc priests
  4 hounds
  3 jellies
  4 iguanas
  An orc wizard (D:6)
  4 gnolls (D:4)
  11 adders
  2 shadow imps (D:5)
  An ufetubus (D:4)
  2 dart slugs
  10 orcs
  7 bats
  9 endoplasms
  6 goblins
  4 hobgoblins
  2 jackals (D:4)
  4 quokkas
  4 ball pythons
  7 frilled lizards
  11 kobolds
  5 rats
114 creatures vanquished.

Vanquished Creatures (others)
  16 plants
16 creatures vanquished.

Grand Total: 130 creatures vanquished

Notes
Turn   | Place    | Note
-------+----------+-------------------------------------------
     0 | D:1      | FingySniffer the Gnoll Cinder Acolyte began the quest for
                  | the Orb.
     0 | D:1      | Reached XP level 1. HP: 23/23 MP: 4/4
   246 | D:1      | Found a faded altar of an unknown god.
   456 | D:1      | Reached XP level 2. HP: 29/29 MP: 5/5
  1111 | D:2      | Reached XP level 3. HP: 12/35 MP: 2/7
  1488 | D:2      | Found a shadowy altar of Dithmenos.
  1704 | D:2      | Reached skill level 1 in Invocations
  1834 | D:2      | Reached skill level 1 in Short Blades
  1834 | D:2      | Reached skill level 1 in Axes
  1834 | D:2      | Reached skill level 1 in Maces & Flails
  1834 | D:2      | Reached skill level 1 in Polearms
  1834 | D:2      | Reached skill level 1 in Staves
  1834 | D:2      | Reached skill level 1 in Ranged Weapons
  1834 | D:2      | Reached skill level 1 in Throwing
  1834 | D:2      | Reached skill level 1 in Armour
  1834 | D:2      | Reached skill level 1 in Dodging
  1834 | D:2      | Reached skill level 1 in Stealth
  1834 | D:2      | Reached skill level 1 in Shields
  1834 | D:2      | Reached skill level 1 in Unarmed Combat
  1834 | D:2      | Reached skill level 1 in Evocations
  2192 | D:3      | Found a sacrificial altar of Ru.
  2421 | D:3      | Reached XP level 4. HP: 41/41 MP: 8/8
  2484 | D:3      | Identified a scroll of acquirement
  2484 | D:3      | Acquired the ring "Pewaehu" {Will- rCorr Str+3 Dex+4 SInv}
  2683 | D:3      | Reached skill level 1 in Conjurations
  2683 | D:3      | Reached skill level 1 in Hexes
  2683 | D:3      | Reached skill level 1 in Summonings
  2683 | D:3      | Reached skill level 1 in Necromancy
  2683 | D:3      | Reached skill level 1 in Translocations
  2683 | D:3      | Reached skill level 1 in Transmutations
  2683 | D:3      | Reached skill level 1 in Ice Magic
  2683 | D:3      | Reached skill level 1 in Air Magic
  2683 | D:3      | Reached skill level 1 in Earth Magic
  2683 | D:3      | Reached skill level 1 in Poison Magic
  2982 | D:3      | Found Kepin's Assorted Antiques.
  3282 | D:4      | Reached XP level 5. HP: 6/47 MP: 3/9
  4269 | D:4      | Found a snail-covered altar of Cheibriados.
  4485 | D:4      | Reached XP level 6. HP: 36/53 MP: 7/11
  4857 | D:5      | Entered Level 5 of the Dungeon
  5371 | D:5      | Found a sparkling altar of Nemelex Xobeh.
  5412 | D:5      | Found an ancient bone altar of Kikubaaqudgha.
  5538 | D:5      | Reached XP level 7. HP: 57/60 MP: 12/12
  5863 | D:5      | You fall into a shaft and drop 1 floor!
  6168 | D:6      | Reached XP level 8. HP: 67/67 MP: 14/14
  6948 | D:6      | Found a shimmering blue altar of Sif Muna.
  7027 | D:6      | Noticed Grinder
  7028 | D:6      | Paralysed by Grinder for 4 turns
  7037 | D:6      | Paralysed by Grinder for 5 turns
  7048 | D:6      | Paralysed by Grinder for 2 turns
  7092 | D:6      | Paralysed by Grinder for 5 turns
  7099 | D:6      | Killed Grinder
  7479 | D:7      | Found a staircase to the Ecumenical Temple.
  7527 | D:7      | HP: 3/67 [poisoned by a killer bee]
  7529 | D:7      | HP: 1/67 [steam dragon (1)]
  7530 | D:7      | Slain by a killer bee

Illustrated notes

Levels and vault maps discovered:
D:1:      wheals_arrival_linesprint, layout_rooms,
          dreamdust_ecumenical_altar_grove, chequers_serial_rivers_marsh
D:2:      layout_loops_ring, basic_altar
D:3:      layout_basic, nicolae_ru_path_of_blood, serial_shops, shop
D:4:      layout_gridville, cheibriados_altar_1, serial_bayou_pond_b,
          st_stairs_14
D:5:      layout_basic, mainiacjoe_overflow_alcove_2,
          mainiacjoe_overflow_six_doors_small, nrook_pool_corridor,
          serial_bayou_pond_c, uniq_crazy_yiuf_cottage
D:6:      layout_basic, general_overflow_altar, uniq_grinder
D:7:      layout_basic, minmay_temple_entry_mini_moons

Skill      XL: |  1  2  3  4  5  6  7  8 |
---------------+-------------------------+-----
Invocations    | 1 2 3 4 |  4.1
Short Blades   | 1 2 3 |  3.7
Axes           | 1 2 3 |  3.7
Maces & Flails | 1 2 3 |  3.7
Polearms       | 1 2 3 |  3.7
Staves         | 1 2 3 |  3.7
Ranged Weapons | 1 2 3 |  3.7
Throwing       | 1 2 3 |  3.7
Armour         | 1 2 3 |  3.7
Dodging        | 1 2 3 |  3.7
Stealth        | 1 2 3 |  3.7
Shields        | 1 2 3 |  3.7
Unarmed Combat | 1 2 3 |  3.7
Evocations     | 1 2 3 |  3.7
Spellcasting   | 3 4 |  4.7
Conjurations   | 1 2 3 |  3.1
Hexes          | 1 2 3 |  3.1
Summonings     | 1 2 3 |  3.1
Necromancy     | 1 2 3 |  3.1
Translocations | 1 2 3 |  3.1
Transmutations | 1 2 3 |  3.1
Ice Magic      | 1 2 3 |  3.1
Air Magic      | 1 2 3 |  3.1
Earth Magic    | 1 2 3 |  3.1
Poison Magic   | 1 2 3 |  3.1
Fighting       | 7 |  7.6
Long Blades    | 7 |  7.6
Fire Magic     | 6 |  6.3

Action                   |  1- 3 |  4- 6 |  7- 9 || total
-------------------------+-------+-------+-------++-------
Melee: Falchion          |   104 |       |       ||   104
       Bite              |    11 |     6 |     9 ||    26
       Morningstar       |     4 |    20 |       ||    24
       Punch             |     1 |     1 |       ||     2
       Glaive            |       |    90 |    96 ||   186
  Use: Scroll            |     1 |    12 |     3 ||    16
       Potion            |       |       |     2 ||     2
Armor: Robe              |    29 |       |       ||    29
       Chain mail        |    17 |    90 |    97 ||   204
Dodge: Dodged            |    80 |    68 |    66 ||   214
